[Event "*** Titled Tuesday Blitz"]
[Site "Chess.com"]
[Date "2019.06.04"]
[Round "2"]
[White "Korchmar_Vasiliy"]
[Black "HansCoolNiemann"]
[Result "0-1"]
[WhiteElo "2775"]
[BlackElo "2696"]
[TimeControl "180+2"]
[EndTime "13:24:57 PDT"]
[Termination "HansCoolNiemann won by checkmate"]

1. d4 Nf6 2. c4 e6 3. g3 c5 4. d5 exd5 5. cxd5 d6 6. Nc3 g6 7.
Bg2 Bg7 8. Nf3 O-O 9. O-O Re8 10.
Bf4 a6 11. a4 h6 12. Qc1 g5 13.
Bd2 Bf5 14. h4 g4 15. Ne1 h5 16. Nc2 Nbd7 17. Bg5 Ne5 18. Ne3 Bg6 19. Ne4 Qe7 20. a5 Ned7 21. Ra4 Qf8 22. Nxf6+ Nxf6 23. f3 gxf3 24. Bxf3 Nh7 25. Bf4 Be5 26. Bxe5 Rxe5 27. Rf4 Qe7 28. Nc4 Rf5 29. Rxf5 Bxf5 30. Qf4 Bg6 31.
Nxd6 Rd8 32. Nf5 Qf6 33. e4 Qxb2 34. e5 c4 35. d6 c3 36. Ne7+ Kg7 37. Nxg6 fxg6 38.
e6 c2 39. e7 Rc8 40. Rc1 Nf6 41.
Qd2 Qe5 42. d7 Qxg3+ 43. Bg2 Nxd7 44. Qxd7 Qe3+ 45. Kh2 Qf4+ 46. Kg1 Qxc1+ 47. Bf1 Qe3+ 48. Kh1 Qf3+ 49. Kh2 Qf2+ 50. Bg2 Qxh4+ 51. Bh3 Qf4+ 52. Kg2 c1=Q 53. e8=Q+ Kh6 54. Qexc8 Qcf1# 0-1

[Event "*** Titled Tuesday Blitz"]
[Site "Chess.com"]
[Date "2019.06.04"]
[Round "2"]
[White "MITerryble"]
[Black "ulises2013"]
[Result "1-0"]
[WhiteElo "2781"]
[BlackElo "2575"]
[TimeControl "180+2"]
[EndTime "13:24:57 PDT"]
[Termination "MITerryble won by resignation"]

1. e4 g6 2. d4 Bg7 3. Nf3 c5 4. d5 d6 5. Nc3 e5 6. Nd2 Ne7 7. Nc4 a6 8. a4 Qc7 9. f4 Nd7 10. Be2 O-O 11. O-O f5 12. a5 Rb8 13. Ra3 b5 14. axb6 Nxb6 15. fxe5 Nxc4 16. Bxc4 Bxe5 17. Bxa6 Bxa6 18. Rxa6 fxe4 19. Nxe4 Nf5 20. c3 Qe7 21. Ng5 Ng7 22. Nf3 Nh5 23. Ra4 Qg7 24. Re4 Rbe8 25. Rfe1 Qf6 26. Qe2 Ng7 27. Bh6 Rf7 28. Bxg7 Kxg7 29.
Nxe5 dxe5 30. Rxe5 Ref8 31. Re6 Qh4 32. Re7 Kg8 33.
Rxf7 Rxf7 34. Qe8+ Kg7 35. Qe5+ Kg8 36. Qe2 Kg7 37. d6 c4 38. Rd1 Qg5 39. Qd2 Qc5+ 40. Qd4+ Qxd4+ 41. Rxd4 Rd7 42. Rxc4 Rxd6 43. h3 Rd1+ 44.
Kh2 Rd2 45. b4 Rb2 46. Rc5 h5 47. h4 Kf6 48. b5 Rb3 49. c4 Rb2 50. Kg3 Rb3+ 51.
Kf4 Rb2 52. g3 Rb3 53. Rc6+ Kf7 54. b6 Rb4 55. Ke5 Rb3 56. Rc7+ Kg8 57. b7 1-0

[Event "*** Titled Tuesday Blitz"]
[Site "Chess.com"]
[Date "2019.06.04"]
[Round "2"]
[White "ristingho"]
[Black "Poghosyan_Suren"]
[Result "1-0"]
[WhiteElo "2517"]
[BlackElo "2553"]
[TimeControl "180+2"]
[EndTime "13:24:59 PDT"]
[Termination "ristingho won by resignation"]

1. d4 Nf6 2. c4 c5 3. d5 b5 4. cxb5 a6 5. e3 g6 6. Nc3 Bg7 7. Nf3 O-O 8. a4 e6 9. dxe6 fxe6 10. Be2 d5 11. Ra3 Nbd7 12. O-O Qe7 13. Qc2 e5 14. e4 d4 15. Bc4+ Kh8 16. Nd5 Nxd5 17. Bxd5 Rb8 18. Bg5 Qd6 19. Rc1 h6 20. Bd2 Rf6 21. Ne1 Nb6 22.
Bc6 axb5 23. axb5 c4 24. Ba5 c3 25. Bxb6 Rxb6 26. Ra8 Rxc6 27. bxc6 Qxc6 28. Qa4 Qxa4 29. Rxa4 Bb7 30. bxc3 Bxe4 31. cxd4 exd4 32. Rxd4 Re6 33. Rc8+ Kh7 34. Rc7 Bc6 35. Nf3 g5 36. h3 Kg6 37.
Rc4 Bd5 38. R4c5 Ba8 39. Rc8 Bb7 40. R8c7 Ba8 41. Ra5 Bxf3 42. gxf3 Be5 43. Rc4 Bf4 44. Kg2 h5 45. h4 Kh6 46. hxg5+ Bxg5 47. Rcc5 Rg6 48. Kh3 h4 49. f4 Bd8 50. Rh5+ Kg7 51. Rag5 Kf6 52. Rxg6+ Kxg6 53. Rxh4 Kf5 54. Rh8 Bc7 55.
Rf8+ Kg6 56. Kg4 Kg7 57. Rc8 Bd6 58. Ra8 Bc5 59. Kf5 Bxf2 60. Rb8 Bd4 61. Rb7+ Kf8 62. Ke6 Be3 63. f5 Kg8 64. f6 Bh6 65. Rb8+ Bf8 66.
Ra8 Kh7 67. Rxf8 1-0

[Event "*** Titled Tuesday Blitz"]
[Site "Chess.com"]
[Date "2019.06.04"]
[Round "2"]
[White "x-6099009240"]
[Black "jmduque"]
[Result "1-0"]
[WhiteElo "2358"]
[BlackElo "2376"]
[TimeControl "180+2"]
[EndTime "13:25:02 PDT"]
[Termination "x-6099009240 won on time"]

1. e4 e5 2. Nf3 Nc6 3. Nc3 Nf6 4.
d4 exd4 5. Nxd4 Bb4 6. Nxc6 bxc6 7. Bd3 O-O 8. O-O Re8 9. h3 Bxc3 10. bxc3 Nxe4 11. Re1 Nf6 12. Bg5 Rxe1+ 13. Qxe1 Bb7 14.
Qe5 d6 15. Qf5 Qd7 16. Bxf6 Qxf5 17. Bxf5 gxf6 18. Rb1 Ba6 19. Bd3 Bc8 20. Rb4 a5 21. Rh4 Rb8 22. Bxh7+ Kg7 23. Bd3 Rb2 24. Ra4 c5 25.
Rxa5 c4 26. Bxc4 Rxc2 27. Ra3 c6 28. Bd3 Rc1+ 29. Kh2 d5 30. Kg3 c5 31. Kf4 c4 32.
Bf5 Bb7 33. Ke3 Kh6 34. h4 Re1+ 35. Kd4 Re2 36. Ra7 Rb2 37. g4 Kg7 38. a4 Bc6 39. Kc5 Be8 40. Ra8 Re2 41. a5 Ba4 42. a6 Re7 43. a7 Rc7+ 44. Kb6 Re7 45. Rg8+ Kxg8 46. a8=Q+ Kg7 47. Qxa4 d4 48. Qxc4 d3 49. Qxd3 1-0

[Event "*** Titled Tuesday Blitz"]
[Site "Chess.com"]
[Date "2019.06.04"]
[Round "2"]
[White "SamCopeland"]
[Black "Chesska7"]
[Result "1-0"]
[WhiteElo "2095"]
[BlackElo "2049"]
[TimeControl "180+2"]
[EndTime "13:25:03 PDT"]
[Termination "SamCopeland won by resignation"]

1. e4 c5 2. Nf3 d6 3. d4 cxd4 4. Nxd4 Nf6 5. Nc3 a6 6. Bg5 e6 7. f4 Qc7 8. Qe2 Nbd7 9. O-O-O b5 10. Nd5 exd5 11. exd5+ Be7 12. Nf5 Nc5 13. Nxg7+ Kf8 14. Bh6 Kg8 15. Nh5 Ng4 16. Bg7 Bf5 17. h3 Nd3+ 18.
Rxd3 Bxd3 19. Qxd3 Nf2 20. Qg3 Bh4 21. Qxh4 Rc8 22. Bc3 Nxh1 23. Qg5+ Kf8 24. Qg7+ Ke7 25. Bf6+ Ke8 26. Qxh8+ Kd7 27. Qxh7 Rf8 28. Bd3 Kc8 29. Bd4 Kb7 30. Qg7 Rc8 31. g4 b4 32. Qf6 Re8 33.
Ng7 Re1+ 34. Kd2 Ra1 35. Nf5 b3 36. Nxd6+ Ka8 37. Qh8+ Qb8 38. Qxb8+ Kxb8 39. axb3 Ng3 40. Nxf7 Rh1 41. g5 Rxh3 42. g6 Nh5 43. g7 Rg3 44. f5 Nxg7 45. Bxg7 Rxg7 46. Ne5 Kc7 47. f6 Rg8 48. c4 Kd6 49. Nf3 Rf8 50. Nd4 Rxf6 51. b4 Rf4 52. Kc3 Rh4 53. Nf5+ 1-0

[Event "*** Titled Tuesday Blitz"]
[Site "Chess.com"]
[Date "2019.06.04"]
[Round "2"]
[White "PNEPaul"]
[Black "aa175"]
[Result "1/2-1/2"]
[WhiteElo "1804"]
[BlackElo "1997"]
[TimeControl "180+2"]
[EndTime "13:25:03 PDT"]
[Termination "Game drawn by repetition"]

1. e4 e5 2. Nf3 f5 3. Nxe5 Nc6 4. d4 fxe4 5. Nc4 d5 6. Ne3 g6 7. Be2 Bg7 8. c3 Nge7 9. O-O O-O 10. Nd2 Nf5 11.
Nxd5 Kh8 12. Ne3 Nxe3 13. fxe3 Be6 14. Nxe4 Bd5 15. Ng3 Qe7 16. Bf3 Bxf3 17. Rxf3 Rxf3 18. Qxf3 Rf8 19. Qe2 Re8 20. Bd2 Qf7 21. b3 Qd5 22. Qc4 Qxc4 23. bxc4 Na5 24. c5 Nc4 25. Rd1 Bh6 26.
Nf1 Kg7 27. Kf2 b6 28. g3 bxc5 29. h3 Nb2 30. Rb1 Rb8 31. Ke2 Rb6 32. Bc1 Na4 33.
Rxb6 axb6 34. Kd3 cxd4 35. cxd4 b5 36. Bd2 Nb6 37. e4 Bxd2 38. Nxd2 Kf6 39. Nb3 Ke6 40. Nc5+ Kd6 41. Nb7+ Kc6 42. Na5+ Kd6 43. Nb3 Nc4 44. Nd2 Nb6 45. Nf3 c5 46. dxc5+ Kxc5 47. Ng5 h6 48. Nf7 h5 49. Ne5 g5 50. Nf7 g4 51. hxg4 hxg4 52. Ne5 Kb4 53. Nxg4 Ka3 54. Ne3 Kxa2 55. Nd5 Nxd5 56. exd5 b4 57. d6 b3 58. d7 b2 59.
d8=Q b1=Q+ 60. Ke3 Qe1+ 61. Kf3 Qf1+ 62. Ke3 Qg1+ 63. Kf3 Qh1+ 64. Ke3 Qg1+ 65. Kf3 Qf1+ 66. Ke3 Qg1+ 1/2-1/2

[Event "*** Titled Tuesday Blitz"]
[Site "Chess.com"]
[Date "2019.06.04"]
[Round "2"]
[White "Koksal06"]
[Black "flubs"]
[Result "1-0"]
[WhiteElo "2498"]
[BlackElo "2306"]
[TimeControl "180+2"]
[EndTime "13:25:05 PDT"]
[Termination "Koksal06 won by resignation"]

1. d4 d5 2. c4 c6 3. Nc3 Nf6 4. Nf3 e6 5. Bg5 h6 6. Bxf6 Qxf6 7. e3 Nd7 8. Bd3 g6 9. O-O dxc4 10. Bxc4 Bg7 11. e4 e5 12. d5 O-O 13. Rc1 Nb6 14. dxc6 bxc6 15. Be2 Rd8 16. Qc2 Bg4 17. Nd2 Be6 18. Rfd1 Bf8 19. Na4 Rac8 20. Nc5 Kg7 21. Ndb3 Be7 22. Ba6 Rxd1+ 23. Rxd1 Rd8 24. Rxd8 Bxd8 25.
Nb7 Bxb3 26. Qxb3 Be7 27. Qc2 Qe6 28. b3 Qd7 29. Na5 c5 30. g3 Qd4 31. Kg2 Bd6 32. Nc6 Qa1 33. Nxa7 Nd7 34. Nb5 Be7 35. Nc3 Nf8 36. Nd5 Bd6 37. Bc8 Qe1 38. a4 Qa5 39. Qc3 Qa8 40. Bg4 f5 41. Bf3 Ne6 42. exf5 Nd4 43. f6+ Kf7 44. Qc4 Kf8 45. Be4 Qb8 46. a5 Qxb3 47. Qxb3 Nxb3 48. a6 Bb8 49. Ne7 Ba7 50.
Nc6 Bb6 51. a7 Bxa7 52. Nxa7 Kf7 53. Nc6 Kxf6 54. Kf3 c4 55. Ke2 Nd4+ 56. Nxd4 exd4 57. Bd5 c3 58. Kd3 Ke5 59. Bb3 g5 60. Bd1 Kd5 61. Bf3+ Ke5 62. h3 Kf5 63. Bh5 Ke5 64. Bg6 Kf6 65.
Bh7 Kg7 66. Be4 1-0

[Event "*** Titled Tuesday Blitz"]
[Site "Chess.com"]
[Date "2019.06.04"]
[Round "2"]
[White "Gabix_94"]
[Black "iturrizaga"]
[Result "0-1"]
[WhiteElo "2649"]
[BlackElo "2933"]
[TimeControl "180+2"]
[EndTime "13:25:08 PDT"]
[Termination "iturrizaga won by checkmate"]

1. Nf3 g6 2. g3 Bg7 3. Bg2 b6 4.
O-O Bb7 5. c4 Nf6 6. d4 O-O 7.
Qc2 c5 8. d5 b5 9. e4 bxc4 10.
Na3 d6 11. Nxc4 Nbd7 12. Re1 Ng4 13. Bf4 Ba6 14. Rab1 Rb8 15. b3 Bxc4 16. Qxc4 Qa5 17. Qc2 Nge5 18. Nd2 Rb4 19. h3 Rfb8 20. Kh2 h6 21.
Be3 Nb6 22. f4 Ned7 23. a3 Qxa3 24. e5 Qa6 25. e6 Nf8 26. f5 g5 27. Rf1 Nh7 28.
exf7+ Kxf7 29. Ne4 Nf6 30. Ra1 Qb7 31. Bxc5 Rc8 32. Qe2 Rxe4 33. Bxe4 Rxc5 34. Bg2 Nbd7 35. Qe6+ Kf8 36. Rfe1 Ne5 37. Rxe5 dxe5 38. d6 Rc2 39. dxe7+ Ke8 40. Rg1 Qxe7 41. Qa6 e4 42. Kh1 Nh5 43.
Bf1 Bf6 44. Be2 Ng7 45. b4 Kf8 46. Bc4 Nxf5 47. Qc8+ Qe8 48. Qxf5 Kg7 49. Bd5 Qe5 50. Qd7+ Qe7 51. Qxe7+ Bxe7 52. Ra1 e3 53. Rxa7 Kf6 54. Ra6+ Ke5 55. Bf3 e2 56. Ra3 e1=Q# 0-1

[Event "*** Titled Tuesday Blitz"]
[Site "Chess.com"]
[Date "2019.06.04"]
[Round "2"]
[White "chesstatour"]
[Black "RU_B9"]
[Result "1-0"]
[WhiteElo "2033"]
[BlackElo "2064"]
[TimeControl "180+2"]
[EndTime "13:25:08 PDT"]
[Termination "chesstatour won on time"]

1. c4 e5 2. Nc3 Nf6 3. g3 g6 4. Bg2 Bg7 5. d3 O-O 6. Nf3 Re8 7. O-O c6 8. e4 d5 9. Bg5 d4 10. Ne2 h6 11. Bd2 a5 12. Ne1 Na6 13. Rc1 Kh7 14. f4 Ng4 15. h3 Ne3 16. Bxe3 dxe3 17. fxe5 Bxe5 18. Rxf7+ Bg7 19. Nc2 Nc5 20. Nf4 Be6 21. Nxe6 Rxe6 22. Nxe3 Kg8 23. Rf3 Bxb2 24. Rb1 Qxd3 25.
Rxb2 Rxe4 26. Qxd3 Nxd3 27. Re2 Ne5 28. Rf4 Rxf4 29.
gxf4 Nd3 30. f5 Re8 31. fxg6 Nc1 32. Re1 Nd3 33. Re2 Nc1 34. Rc2 Nxa2 35. Nf5 Nb4 36.
Rf2 Re1+ 37. Kh2 a4 38. Rd2 Re8 39. h4 a3 40. h5 a2 41. Rd1 Nc2 42. Nxh6+ Kg7 43.
Nf5+ Kf6 44. Nd6 Re5 45. Nxb7 Rxh5+ 46. Kg1 a1=Q 47. Rxa1 Nxa1 48. Nd6 Nc2 49. Bxc6 Rg5+ 50. Kf2 Kxg6 51. Be4+ Kf6 52. Bxc2 Ke6 53. Ne4 1-0

[Event "*** Titled Tuesday Blitz"]
[Site "Chess.com"]
[Date "2019.06.04"]
[Round "2"]
[White "SimonKnightRivendell"]
[Black "Siemba"]
[Result "1-0"]
[WhiteElo "2052"]
[BlackElo "2088"]
[TimeControl "180+2"]
[EndTime "13:25:10 PDT"]
[Termination "SimonKnightRivendell won by resignation"]

1. d4 Nf6 2. Nf3 g6 3. g3 Bg7 4. Bg2 O-O 5. O-O d6 6. c3 Nbd7 7. Nbd2 e5 8. dxe5 dxe5 9. e4 c6 10. Re1 Re8 11. Nc4 Qc7 12. Nd6 Rd8 13. Nxc8 Raxc8 14. Qc2 Nc5 15. Bg5 h6 16. Bxf6 Bxf6 17. Rad1 Bg7 18. b4 Ne6 19. Bh3 Qe7 20. Rxd8+ Rxd8 21. Rd1 Rd6 22. Rxd6 Qxd6 23. Qd2 Qxd2 24. Nxd2 Nc7 25.
Nc4 Nb5 26. Bc8 b6 27. Bd7 Nxc3 28. Bxc6 Nxa2 29. b5 Nc3 30. f3 Bf8 31. Nxe5 Bc5+ 32. Kf1 Kg7 33. Nd7 Bd4 34. e5 g5 35. Kg2 Kg6 36.
f4 Kf5 37. Kf3 Bg1 38. g4+ Ke6 39. f5+ Ke7 40. h3 Bd4 41. Kg3 Ne2+ 42. Kf3 Nf4 43. h4 Bc3 44. hxg5 hxg5 45. Ke4 Nh3 46. f6+ Kd8 47.
Kf5 Bd2 48. e6 fxe6+ 49. Kxe6 Nf4+ 50. Kf5 Ke8 51. Ne5+ Kf8 52. Ng6+ Kf7 53. Ne5+ Kf8 54. Nf3 Ne2 55. Nxd2 Nd4+ 56. Kg6 1-0

[Event "*** Titled Tuesday Blitz"]
[Site "Chess.com"]
[Date "2019.06.04"]
[Round "2"]
[White "FelixBlohberger"]
[Black "SaraciNderim"]
[Result "1-0"]
[WhiteElo "2620"]
[BlackElo "2865"]
[TimeControl "180+2"]
[EndTime "13:25:13 PDT"]
[Termination "FelixBlohberger won by resignation"]

1. e4 e5 2. Nf3 Nc6 3. Bb5 a6 4. Ba4 Nf6 5. O-O Be7 6. Re1 b5 7. Bb3 O-O 8. a4 b4 9. a5 d6 10. d3 Bg4 11. c3 Rb8 12. Bc4 Qc8 13. Nbd2 Be6 14. Bxe6 Qxe6 15. d4 Na7 16. Qe2 Nb5 17.
d5 Qc8 18. c4 Na7 19. Nf1 c6 20. Be3 Rb7 21. Qd3 cxd5 22. cxd5 Nb5 23. Rec1 Rc7 24.
Ng3 g6 25. Qb3 Ng4 26. Bd2 Nd4 27. Nxd4 exd4 28. Qxb4 Bf6 29. Qxd6 Rxc1+ 30. Rxc1 Qb7 31. h3 Be5 32. Qb4 Qxb4 33. Bxb4 Rb8 34. Ba3 Nf6 35. Re1 d3 36. Rd1 Rb3 37. d6 h5 38.
Nf1 Bxb2 39. Bxb2 Rxb2 40. Rxd3 Nd7 41. Ne3 Ra2 42. Rc3 Ra1+ 43. Kh2 Rxa5 44. Rc7 Ne5 45. d7 Nxd7 46. Rxd7 Ra2 47. Kg3 a5 48. Ra7 a4 49.
Nd5 Ra3+ 50. f3 Ra2 51. Nc3 1-0

[Event "*** Titled Tuesday Blitz"]
[Site "Chess.com"]
[Date "2019.06.04"]
[Round "2"]
[White "Alliswell998"]
[Black "catalin009"]
[Result "0-1"]
[WhiteElo "2416"]
[BlackElo "2489"]
[TimeControl "180+2"]
[EndTime "13:25:13 PDT"]
[Termination "catalin009 won by checkmate"]

1. e4 e5 2. Nf3 Nc6 3. Bc4 Bc5 4. c3 Nf6 5. d3 a6 6. Bb3 Ba7 7. h3 d6 8. Nbd2 O-O 9. Nf1 d5 10.
Qe2 dxe4 11. dxe4 Na5 12. Bc2 Be6 13. b3 Qe7 14. Ng3 Nc6 15. Bg5 h6 16. Bh4 Qc5 17.
O-O Nh7 18. Nf5 Rfe8 19. Rad1 Qxc3 20. Nh2 Bxf5 21. exf5 Nd4 22. Qh5 Qxc2 23. f6 Qg6 24. Qxg6 fxg6 25. Ng4 Nf5 26. Rd7 Rf8 27. fxg7 Rf7 28.
Rxf7 Kxf7 29. Nxe5+ Kxg7 30. Bg3 Nxg3 31. Rd1 Nf6 32.
Kh2 Nf5 33. g4 Nd6 34. f4 Nfe4 35. a4 Rf8 36. Rf1 Be3 37. Nd3 Nd2 38. Re1 Bxf4+ 39. Kg2 N2e4 40. b4 Bd2 41. Re2 b5 42.
axb5 axb5 43. h4 Bc3 44. h5 g5 45. Rc2 Ra8 46. Nc5 Ra3 47. Ne6+ Kf6 48. Nxc7 Ke5 49. Rc1 Nc4 50. Nxb5 Ra2+ 51. Kh3 Nf2+ 52. Kg3 Ne4+ 53. Kh3 Ncd2 54. Nxc3 Ra3 55. Kh2 Rxc3 56. Ra1 Nf3+ 57. Kg2 Kf4 58. Ra6 Rc2+ 59. Kh1 Rh2# 0-1

[Event "*** Titled Tuesday Blitz"]
[Site "Chess.com"]
[Date "2019.06.04"]
[Round "2"]
[White "SalgadoChess91"]
[Black "GMHess"]
[Result "1-0"]
[WhiteElo "2887"]
[BlackElo "2656"]
[TimeControl "180+2"]
[EndTime "13:25:14 PDT"]
[Termination "SalgadoChess91 won by resignation"]

1. d4 g6 2. c4 Bg7 3. Nf3 c5 4. d5 f5 5. Nc3 Bxc3+ 6. bxc3 Nf6 7. Nd2 Qa5 8. Qc2 d6 9. e3 Nbd7 10. Be2 Nb6 11. O-O Bd7 12. Re1 O-O-O 13. Bf1 e5 14. dxe6 Bxe6 15. e4 fxe4 16. Nb3 Qa4 17. Bg5 Rhf8 18.
Bxf6 Rxf6 19. Qxe4 Bxc4 20. Qg4+ Qd7 21. Qh4 g5 22.
Qxg5 Rg6 23. Qh5 Bxf1 24. Kxf1 Rf8 25. Re2 Na4 26. Rc1 Kb8 27. Qd5 Nb6 28. Qe4 Rfg8 29. g3 h5 30. Rce1 Qh3+ 31. Qg2 Qd7 32. Re7 Qb5+ 33.
Kg1 Nd7 34. c4 Qb4 35. R1e3 R6g7 36. Rxg7 Rxg7 37. Qe4 Ne5 38. Qf4 Rf7 39. Qg5 a6 40. Rxe5 Qxc4 41. Re1 Ka7 42. Qe3 Qc2 43. Re2 Qb1+ 44. Kg2 h4 45. Nd2 Qxa2 46. Ne4 Qd5 47. Rd2 Qf5 48. Rxd6 h3+ 49. Kg1 Re7 50. f3 b6 51. Qd3 Qc8 52. Qd5 Qc7 53. Kf2 c4 54.
Rc6 Qb7 55. Qxc4 Rd7 56. Nd6 Qb8 57. Nc8+ Ka8 58. Nxb6+ 1-0

[Event "*** Titled Tuesday Blitz"]
[Site "Chess.com"]
[Date "2019.06.04"]
[Round "2"]
[White "VerdeNotte"]
[Black "Borsuk_Konstantin"]
[Result "0-1"]
[WhiteElo "2781"]
[BlackElo "2602"]
[TimeControl "180+2"]
[EndTime "13:25:21 PDT"]
[Termination "Borsuk_Konstantin won by resignation"]

1. e4 e6 2. d3 c5 3. f4 Nc6 4. Nf3 d5 5. Be2 g6 6. O-O Bg7 7. c3 dxe4 8. dxe4 Qxd1 9. Rxd1 e5 10. Nxe5 Nxe5 11. fxe5 Bxe5 12. Be3 b6 13. Bb5+ Ke7 14. Bc6 Rb8 15. Na3 Nf6 16. Nc4 Ng4 17. Nxe5 Nxe3 18. Rd3 Ng4 19. Nd7 Rd8 20. Rad1 Ba6 21. Nxb8 Rxd3 22.
Ba4 Rxd1+ 23. Bxd1 Ne3 24. Bb3 Bb7 25. Kf2 Ng4+ 26.
Kg3 Ne5 27. Kf4 Nd3+ 28. Ke3 Nxb2 29. Bd5 Bxd5 30. exd5 Kd6 31. Nc6 Kxd5 32. Nxa7 Nc4+ 33. Kd3 Nd6 34. a4 f5 35. h4 h6 36. Kc2 g5 37.
hxg5 hxg5 38. Kb3 g4 39. Kc2 f4 40. Kd3 c4+ 41. Ke2 Kc5 42. Kd2 Kd5 43. Ke1 Kc5 44.
Ke2 b5 45. a5 b4 46. cxb4+ Kxb4 47. Nc6+ Kb3 48. a6 Nc8 49. a7 Nxa7 50. Nxa7 c3 51. Nb5 c2 52. Nd4+ Kb2 53. Nxc2 Kxc2 54. Ke1 Kd3 55.
Kf2 Kd2 56. Kf1 Ke3 57. Ke1 g3 58. Kf1 Kd2 59. Kg1 Ke2 60. Kh1 f3 61. gxf3 Kf2 0-1

[Event "*** Titled Tuesday Blitz"]
[Site "Chess.com"]
[Date "2019.06.04"]
[Round "2"]
[White "annakantane"]
[Black "DavidStevanic"]
[Result "1-0"]
[WhiteElo "2229"]
[BlackElo "2179"]
[TimeControl "180+2"]
[EndTime "13:25:21 PDT"]
[Termination "annakantane won by resignation"]

1. e4 e5 2. Nf3 Nc6 3. Bb5 a6 4. Ba4 Nf6 5. Bxc6 dxc6 6. d3 Bg4 7. h3 Bh5 8. Nbd2 Bd6 9. Nc4 Nd7 10. Ne3 Bg6 11. g4 h5 12. Rg1 hxg4 13. hxg4 Qe7 14. Nf5 Bxf5 15. gxf5 O-O-O 16. Bd2 g6 17. fxg6 fxg6 18.
Bg5 Nf6 19. Qe2 Qf7 20. O-O-O Rdf8 21. Qd2 Qxa2 22. Qe3 Qa1+ 23. Kd2 Qxb2 24. Ke2 Nh5 25. Kf1 Qxc2 26. Rd2 Qb1+ 27. Kg2 Qb3 28. Nh4 Nf4+ 29. Kg3 Qf7 30. Rb2 Rh5 31. Nf3 Ne6 32. Bh4 Qf4+ 33. Qxf4 exf4+ 34. Kg4 Nc5 35. Rd1 Be5 36. d4 Bg7 37.
Re2 Nd7 38. e5 c5 39. e6 Nf6+ 40. Bxf6 Bxf6 41. d5 Be7 42. Ne5 Rg5+ 43. Kf3 Rd8 44. Nf7 Rdxd5 45. Rh1 Rgf5 46. Rh8+ Rd8 47. Nxd8 c6 48.
Nxc6+ Kc7 49. Nxe7 Rg5 50. Ng8 Rd5 51. e7 Rd3+ 52.
Kxf4 Rd4+ 53. Kg5 Rd5+ 54. Kxg6 Rd6+ 55. Kf7 Rd7 56. Nf6 Rxe7+ 57. Rxe7+ Kb6 58. Rb8 c4 59. Rbxb7+ 1-0

[Event "*** Titled Tuesday Blitz"]
[Site "Chess.com"]
[Date "2019.06.04"]
[Round "2"]
[White "temus_galaktionov"]
[Black "Chebure"]
[Result "1-0"]
[WhiteElo "2690"]
[BlackElo "2809"]
[TimeControl "180+2"]
[EndTime "13:25:22 PDT"]
[Termination "temus_galaktionov won by resignation"]

1. d4 Nf6 2. Nf3 d6 3. c4 g6 4.
Nc3 Bf5 5. Qb3 Qc8 6. g3 Nc6 7. Bg2 a5 8. a3 Bg7 9. O-O a4 10. Nxa4 Na5 11. Qb4 Bc2 12. Ne1 Bd1 13. Nc3 Bb3 14.
Bf4 O-O 15. c5 Be6 16. d5 Bh3 17. cxd6 exd6 18. Nd3 Bxg2 19. Kxg2 Re8 20. Rfe1 c5 21. Qb5 Ra6 22. Rac1 Ne4 23. Nxe4 Rxe4 24. Bxd6 Rxd6 25. Rxc5 Qb8 26. Qxa5 b6 27. Qb5 Rd4 28. Rec1 Rd8 29. Rc6 R4xd5 30. Qxb6 Qa8 31. f3 Re8 32. R1c2 g5 33. Qa6 Qd8 34. Rc8 Qe7 35. Rxe8+ Qxe8 36. Rc8 Rd8 37. Rxd8 Qxd8 38. Qc4 h5 39. b4 Qe7 40. Kf2 Qa7+ 41. Kg2 Qxa3 42. Qc8+ Bf8 43. Qf5 Be7 44. Qe5 Qa7 45. b5 Qb7 46. h3 Qd7 47. g4 hxg4 48. hxg4 Bd8 49. Qf5 Qe8 50. Kf1 Kg7 51. Qe5+ Qxe5 52. Nxe5 Kf6 53. Nc4 Ke6 54. e4 Bc7 55. Ke2 Bb8 56. Kd3 Bc7 57. Kd4 Bb8 58. Kc5 Kd7 59. Kd5 Bc7 60. Ne5+ Ke7 61. Nc4 Kd7 62. b6 Bb8 63. Ne5+ Ke7 64. Nc6+ 1-0

[Event "*** Titled Tuesday Blitz"]
[Site "Chess.com"]
[Date "2019.06.04"]
[Round "2"]
[White "mitrabhaa"]
[Black "SergeiAza"]
[Result "1/2-1/2"]
[WhiteElo "2696"]
[BlackElo "2768"]
[TimeControl "180+2"]
[EndTime "13:25:24 PDT"]
[Termination "Game drawn by agreement"]

1. Nf3 Nf6 2. g3 b6 3. Bg2 Bb7 4. O-O c5 5. c4 g6 6. b3 Bg7 7. Bb2 O-O 8. Nc3 Nc6 9. d4 Nxd4 10. Nxd4 Bxg2 11. Kxg2 cxd4 12. Qxd4 d6 13. Rfd1 Rc8 14. Rac1 Qd7 15. f3 Qb7 16. e4 Rfe8 17. Qd2 a6 18. a4 h5 19. h4 Nd7 20. Rb1 Qc6 21. Rdc1 Qb7 22. Rd1 Nc5 23. Ba1 Red8 24. Qe3 e6 25. b4 Nd7 26. Rxd6 Ne5 27. Rxd8+ Rxd8 28. Qe2 Qc6 29. b5 axb5 30. cxb5 Qc4 31. Qxc4 Nxc4 32. Kf2 Rd2+ 33. Ne2 Ra2 34. Bxg7 Kxg7 35. Rb4 Nb2 36. Rd4 Nxa4 37. Ke3 Nc5 38. Rd6 Ra3+ 39. Kf2 Nd3+ 40. Kf1 Ne5 41. f4 Nc4 42. Rd4 Na5 43. Rb4 Nb7 44.
e5 Nc5 45. Rb1 Kf8 46. Kg2 Ke7 47. Nd4 Ne4 48. Nc6+ Kf8 49. Rd1 Rxg3+ 50. Kh2 Rf3 51. Rd8+ Kg7 52. Rb8 Rxf4 53. Rxb6 Rf2+ 54. Kg1 Rb2 55. Rb8 Nd2 56. b6 Nf3+ 57. Kf1 Rd2 58. b7 Nh2+ 59. Ke1 Nf3+ 60. Kf1 Nh2+ 61. Ke1 Nf3+ 1/2-1/2

[Event "*** Titled Tuesday Blitz"]
[Site "Chess.com"]
[Date "2019.06.04"]
[Round "2"]
[White "Lagravesamuell"]
[Black "Tjktiger"]
[Result "1-0"]
[WhiteElo "2585"]
[BlackElo "2719"]
[TimeControl "180+2"]
[EndTime "13:25:26 PDT"]
[Termination "Lagravesamuell won by resignation"]

1. d4 d6 2. Nf3 g6 3. c4 Nf6 4. Nc3 Bf5 5. d5 Bg7 6. Nd4 Bd7 7. e4 c5 8. Nc2 O-O 9. Be2 e5 10. O-O Na6 11. f4 exf4 12. Bxf4 Qe7 13. Bf3 Ne8 14. Re1 Be5 15. Qd2 Ng7 16. Bxe5 Qxe5 17. Ne3 Rae8 18. Bg4 Nb8 19. Bxd7 Nxd7 20. Ng4 Qh5 21. Qf4 f5 22. exf5 Nxf5 23. Rxe8 Rxe8 24. Ne4 Rf8 25. h3 Kh8 26. Nxd6 Nxd6 27. Qxd6 Qf5 28. Qe6 h5 29. Qxf5 Rxf5 30. Ne3 Rf4 31. Re1 Kg8 32. b3 Rd4 33. Re2 Kf7 34.
Kf2 a5 35. Nc2 Rd1 36. Na3 Nf6 37. Nb5 b6 38. Nd6+ Kg7 39. Re7+ Kh6 40. Re6 Kg7 41.
Nc8 Rd2+ 42. Re2 Ne4+ 43. Ke3 Rxe2+ 44. Kxe2 Nc3+ 45. Kd2 Nxa2 46. Nxb6 Nb4 47. Nd7 Na6 48. Ke3 Kf7 49. Ke4 Ke7 50. Ne5 Kf6 51. Nc6 Nc7 52. Nxa5 Ne8 53. Nb7 Ke7 54. Nxc5 Kd6 55. Nd3 Nf6+ 56. Kd4 1-0

[Event "*** Titled Tuesday Blitz"]
[Site "Chess.com"]
[Date "2019.06.04"]
[Round "2"]
[White "ellennilssen"]
[Black "Aragon"]
[Result "1-0"]
[WhiteElo "2028"]
[BlackElo "2058"]
[TimeControl "180+2"]
[EndTime "13:25:32 PDT"]
[Termination "ellennilssen won by resignation"]

1. d4 d5 2. c4 e6 3. Nc3 c6 4.
cxd5 exd5 5. Nf3 Nf6 6. Bg5 Be7 7. e3 Ne4 8. Bxe7 Qxe7 9. Qc2 O-O 10. Bd3 f5 11.
O-O-O b5 12. Ne5 b4 13. Na4 Bd7 14. f3 Nd6 15. Nc5 Be8 16. g4 Nb7 17. Nxb7 Qxb7 18. Bxf5 g6 19. Bd3 Nd7 20. f4 Nxe5 21. fxe5 c5 22.
Kb1 c4 23. Be2 a5 24. h4 a4 25. Rdf1 b3 26. Qc3 Bf7 27. a3 Qd7 28. h5 Be6 29. hxg6 hxg6 30. e4 Rxf1+ 31. Rxf1 Bxg4 32. Bxg4 Qxg4 33. exd5 Qe4+ 34. Ka1 Qxd5 35. Qg3 Qe4 36. Rg1 Ra6 37. Qg5 Qxd4 38. Rf1 c3 39.
Qc1 cxb2+ 40. Qxb2 Qd3 41. Rc1 Re6 42. Rc8+ Kg7 43. Rc7+ Kh6 44. Qh2+ Kg5 45. Qg1+ Kf4 46. Rf7+ Ke4 47. Qe1+ Qe3 48. Qh1+ Kxe5 49. Qh2+ Ke4 50.
Qh1+ Kd4 51. Rd7+ Kc3 52. Rc7+ Kd2 53. Rd7+ Ke2 54. Qg2+ Qf2 55. Rd2+ Kxd2 56. Qxf2+ Re2 57. Qd4+ Kc2 58. Qc4+ Kd2 59. Qxa4 Re3 60. Qb4+ Kc2 61. Qc4+ Kd2 62. Kb2 g5 63. Qg4 Re5 64. a4 1-0

[Event "*** Titled Tuesday Blitz"]
[Site "Chess.com"]
[Date "2019.06.04"]
[Round "2"]
[White "IakovUlivar"]
[Black "51616516516"]
[Result "1/2-1/2"]
[WhiteElo "2486"]
[BlackElo "2325"]
[TimeControl "180+2"]
[EndTime "13:25:38 PDT"]
[Termination "Game drawn - insufficient material"]

1. d4 Nf6 2. Nf3 g6 3. Bg5 Ne4 4. Bf4 Bg7 5. e3 c5 6. c3 b6 7.
Nbd2 Nxd2 8. Qxd2 d6 9. Bb5+ Nd7 10. Bc6 Rb8 11. O-O O-O 12. e4 Qc7 13. d5 b5 14.
Rac1 Ba6 15. Rfe1 Rb6 16. h4 Nb8 17. e5 Nxc6 18. exd6 exd6 19. dxc6 Qxc6 20. Rcd1 b4 21. Re7 bxc3 22. bxc3 Rb7 23. Rxb7 Bxb7 24. Qxd6 Qxd6 25.
Rxd6 Bxc3 26. Be3 Bxf3 27. gxf3 Rc8 28. Rd7 a5 29. Bh6 c4 30. Kf1 Bg7 31. Bxg7 Kxg7 32. Ke1 c3 33. Kd1 Kf6 34. Kc2 Rc5 35. Rd4 Kf5 36. Re4 h5 37. Re7 f6 38. Rh7 Kf4 39. Rh6 Kxf3 40. Rxg6 Kxf2 41. Rxf6+ Kg3 42. Rg6+ Kxh4 43.
a4 Rc4 44. Rg8 Kh3 45. Rg5 h4 46. Rxa5 Kh2 47. Ra8 h3 48. a5 Kh1 49. a6 h2 50.
a7 Rc7 51. Kb1 c2+ 52. Kc1 Kg2 53. Rg8+ Kf2 54. Rh8 Rxa7 55. Rxh2+ Ke3 56. Rxc2 Rd7 57. Rc3+ Ke4 58. Kc2 Rd4 59. Kb3 Rd3 60. Rxd3 Kxd3 1/2-1/2